 Dungeon Crawl Stone Soup version 0.30-a0-135-g630cfc4551 (webtiles) character file.

Game seed: 820908422505952075

4093 greasedhog the Frost Mage (level 10, -9/59 HPs)
             Began as a Gargoyle Ice Elementalist on Sept 21, 2022.
             Was a Priest of Vehumet.
             Mangled by a shadow (25 damage)
             ... on level 9 of the Dungeon.
             The game lasted 00:20:28 (11064 turns).

greasedhog the Frost Mage (GrIE)                   Turns: 11064, Time: 00:20:29

Health: -9/59      AC: 10    Str: 11    XL:     10   Next: 26%
Magic:  21/26      EV: 11    Int: 24    God:    Vehumet [***...]
Gold:   310        SH:  0    Dex:  6    Spells: 8/19 levels left

rFire   + + +      SeeInvis .    q - staff of fire
rCold   + . .      Faith    .    (no shield)
rNeg    + . .      Spirit   .    g - +0 robe "Cuenarchu" {Fly Will+++ Dex-4 Stlth+}
rPois   ∞          Reflect  .    l - +0 helmet
rElec   +          Harm     .    w - scarf {rC+ rF+}
rCorr   +          Rampage  .    (no gloves)
Will    +++..                    (no boots)
Stlth   +++.......               f - amulet of the acrobat
HPRegen 0.19/turn                s - ring "Gastrim" {rCorr MP+9 Int+3}
MPRegen 0.20/turn                t - ring of protection from fire

@: flying
A: sickness immunity, AC +7, negative energy resistance 1, electricity
resistance, torment resistance 1, petrification resistance
a: Renounce Religion


You were on level 9 of the Dungeon.
You worshipped Vehumet.
Vehumet was most pleased with you.
You visited 2 branches of the dungeon, and saw 10 of its levels.

You collected 518 gold pieces.
You spent 208 gold pieces at shops.

Inventory:

Armour
 g - the +0 robe "Cuenarchu" (worn) {Fly Will+++ Dex-4 Stlth+}
   (You found it on level 4 of the Dungeon)

   Dex:       It affects your dexterity (-4).
   Fly:       It grants you flight.
   Will:      It greatly increases your willpower.
   Stlth:     It makes you more stealthy.
 l - a +0 helmet (worn)
 v - an orb of light
 w - a scarf of resistance (worn)
Magical Staves
 q - a staff of fire (weapon)
Jewellery
 f - an amulet of the acrobat (around neck)
 s - the ring "Gastrim" (left hand) {rCorr MP+9 Int+3}
   (You took it off a centaur warrior on level 8 of the Dungeon)

   [ring of magical power]

   Int:       It affects your intelligence (+3).
   MP:        It affects your magic capacity (+9).
   rCorr:     It protects you from acid and corrosion.
 t - a ring of protection from fire (right hand)
 A - a ring of positive energy
Wands
 h - a wand of charming (8)
 u - a wand of polymorph (3)
Scrolls
 i - 2 scrolls of amnesia
 j - 4 scrolls of teleportation
 k - a scroll of brand weapon
 m - 4 scrolls of magic mapping
 o - 4 scrolls of fog
 r - a scroll of fear
 x - a scroll of blinking
 y - a scroll of enchant armour
Potions
 a - a potion of lignification
 b - 2 potions of magic
 c - 4 potions of curing
 d - 3 potions of haste
 e - 3 potions of might
 n - 2 potions of brilliance {unknown}
 p - 2 potions of cancellation {unknown}
 z - a potion of mutation {unknown}


   Skills:
 - Level 5.1 Fighting
 - Level 5.2 Staves
 - Level 5.3 Armour
 * Level 2.5 Dodging
 - Level 5.0 Stealth
 - Level 5.0 Spellcasting
 * Level 4.0 Conjurations
 * Level 9.4 Ice Magic


You had 8 spell levels left.
You knew the following spells:

 Your Spells              Type           Power      Damage    Failure   Level
a - Freeze                Ice            100%       1d11      1%          1
b - Frozen Ramparts       Ice            100%       1d16      1%          3
c - Ozocubu's Armour      Ice            51%        N/A       1%          3
d - Hailstorm             Conj/Ice       38%        3d9       1%          4

Your spell library contained the following spells:

 Spells                   Type           Power      Damage    Failure   Level
 Stone Arrow              Conj/Erth      30%        3d8       3%          3
 Apportation              Tloc           12%        N/A       9%          1
 Summon Small Mammal      Summ           24%        N/A       9%          1
 Ice Form                 Ice/Tmut       28%        N/A       13%         4
 Summon Ice Beast         Ice/Summ       28%        N/A       13%         4
 Iskenderun's Battlesphe  Conj           25%        2d8       13%         5
 Call Canine Familiar     Summ           6%         N/A       26%         3
 Summon Guardian Golem    Hex/Summ       6%         N/A       26%         3
 Fireball                 Conj/Fire      11%        3d7       26%         5
 Conjure Ball Lightning   Conj/Air       7%         3x3d6     78%         6
 Alistair's Intoxication  Tmut/Pois      4%         N/A       94%         5
 Orb of Destruction       Conj           12%        9d7       96%         7


Dungeon Overview and Level Annotations

Branches:
Dungeon (9/15)             Temple (1/1) D:4
   Lair: D:8-11         Orc: D:9-12

Altars:
Ashenzari
Cheibriados
Dithmenos
Elyvilon
Fedhas
Gozag
Hepliaklqana
Kikubaaqudgha
Nemelex Xobeh
Okawaru
Qazlal
Ru
Sif Muna
Trog
Uskayaw
Vehumet
Wu Jian
Yredelemnul
Zin
The Shining One

Shops:
D:4 !(?(!

Annotations:
Temple 2 transporters


Innate Abilities, Weirdness & Mutations

You are immune to sickness and miasma.
Your stone body is resilient. (AC +7)
You are immune to poison.
You resist negative energy. (rN+)
You are resistant to electric shocks. (rElec)
You are resistant to unholy torment.
You are immune to petrification.


Message History

Your icy armour and frozen ramparts will break if you move.
Continue?
Okay, then.
You hit something but do no damage.
The wall freezes something but does no damage.
The shadow strikes at you from the darkness!
Reactivating autopickup.
You completely miss the shadow.
The shadow completely resists.
The wall freezes the shadow but does no damage.
The shadow hits you.
An orc zombie comes into view.
You barely miss the shadow.
The shadow completely resists.
The wall freezes the shadow but does no damage.
The shadow barely misses you.
The orc zombie resists.
The wall freezes the orc zombie.
You barely miss the shadow.
The shadow completely resists.
The wall freezes the shadow but does no damage.
The shadow barely misses you.
You hit the shadow but do no damage.
The orc zombie resists.
The wall freezes the orc zombie.
The shadow completely resists.
The wall freezes the shadow but does no damage.
The shadow barely misses you.
Your icy armour and frozen ramparts will break if you move.
Continue?
Your icy armour cracks and falls away as you move.
The frozen ramparts melt away as you move.
The shadow slips into darkness.
The shadow flickers and vanishes!
Deactivating autopickup; reactivate with Ctrl-A.
Unknown command.
The shadow strikes at you from the darkness!
* * * LOW HITPOINT WARNING * * *
Reactivating autopickup.
The shadow slips into darkness.
The shadow flickers and vanishes!
Deactivating autopickup; reactivate with Ctrl-A.
You see here 6 stones.
Blink to where?
Press: ? - help, Dir - move target
As you read the scroll of blinking, it crumbles to dust.
The shadow strikes at you from the darkness!
You die...

#..#.))# #.....#
#..##.####...###
##).#.##.......#
.###.##.......#
## .##.......###
..#.....(...#
.###....§.#.##
#.........#
#....@....###
#.#.#.......##
##.#.>........#
#..###......))#
########...##)#
.......##.#
##.....#(#
###.....#.#
..........#


There were no monsters in sight!

Vanquished Creatures
  A centaur warrior (D:8)
  A hornet (D:8)
  A wyvern (D:9)
  2 steam dragons
  A water moccasin (D:7)
  4 orc warriors
  2 black bears
  An ogre (D:6)
  A phantom (D:9)
  A kobold brigand (D:7)
  A necrophage (D:8)
  3 bullfrogs
  A gnoll sergeant (D:5)
  3 scorpions
  10 wights
  A troll zombie (D:9)
  4 killer bees (D:8)
  2 howler monkeys
  5 orc priests
  2 jellies
  Jessica (D:2)
  3 iguanas (D:4)
  5 orc wizards
  2 ogre zombies (D:9)
  4 gnolls (D:5)
  7 adders
  A shadow imp (D:6)
  2 white imps (D:7)
  2 worms
  5 dart slugs
  24 orcs
  13 endoplasms
  11 giant cockroaches
  7 hobgoblins
  2 jackals (D:4)
  8 kobolds
  5 quokkas
  9 ball pythons
  4 bats
  5 frilled lizards
  15 goblins
  A goblin skeleton (D:9)
  2 goblin zombies (D:9)
  An orc skeleton (D:9)
  6 orc zombies (D:9)
  25 rats
217 creatures vanquished.

Vanquished Creatures (others)
  4 fungi (D:5)
  5 plants (D:5)
9 creatures vanquished.

Grand Total: 226 creatures vanquished

Notes
Turn   | Place    | Note
-------+----------+-------------------------------------------
     0 | D:1      | greasedhog the Gargoyle Ice Elementalist began the quest
                  | for the Orb.
     0 | D:1      | Reached XP level 1. HP: 10/10 MP: 3/3
   345 | D:1      | Reached XP level 2. HP: 14/15 MP: 1/5
  1062 | D:1      | Reached XP level 3. HP: 19/19 MP: 4/6
  1248 | D:1      | Learned a level 3 spell: Frozen Ramparts
  1257 | D:1      | Learned a level 3 spell: Ozocubu's Armour
  1793 | D:2      | Noticed Jessica
  1803 | D:2      | Killed Jessica
  1804 | D:2      | Reached XP level 4. HP: 24/24 MP: 0/8
  1844 | D:2      | Got Jessica's Secrets of the Jaunt
  3255 | D:3      | Noticed a scorpion
  3266 | D:3      | Killed a scorpion
  3267 | D:3      | Reached skill level 5 in Ice Magic
  3267 | D:3      | Reached XP level 5. HP: 26/28 MP: 0/9
  3733 | D:4      | Found Qawatt's Weapon Shop.
  3868 | D:4      | Reached XP level 6. HP: 32/32 MP: 9/11
  3992 | D:4      | Identified the +0 robe "Cuenarchu" {Fly Will+++ Dex-4
                  | Stlth+}
  4015 | D:4      | Found Zarain's Weapon Shop.
  4022 | D:4      | Found Ziduit's Distillery.
  4057 | D:4      | Bought a potion of lignification for 39 gold pieces
  4057 | D:4      | Bought a potion of curing for 39 gold pieces
  4057 | D:4      | Bought a potion of degeneration for 13 gold pieces
  4336 | D:4      | Found Jueptu's Magic Scroll Shoppe.
  4347 | D:4      | Bought 3 scrolls of identify for 78 gold pieces
  4347 | D:4      | Bought a scroll of teleportation for 39 gold pieces
  4368 | D:4      | Found a staircase to the Ecumenical Temple.
  4385 | Temple   | Entered the Ecumenical Temple
  4385 | Temple   | Found a transporter.
  4385 | Temple   | Found a transporter.
  4387 | Temple   | Found a transporter.
  4387 | Temple   | Found a transporter.
  4405 | Temple   | Became a worshipper of Vehumet
  4656 | D:4      | Found Ninlohif's Distillery.
  5109 | D:5      | Entered Level 5 of the Dungeon
  5174 | D:5      | Found a sparkling altar of Nemelex Xobeh.
  5310 | D:5      | Reached skill level 5 in Stealth
  5765 | D:5      | Reached skill level 1 in Fighting
  5765 | D:5      | Reached XP level 7. HP: 38/38 MP: 9/13
  6011 | D:5      | Reached * piety under Vehumet
  6011 | D:5      | Offered knowledge of Foxfire by Vehumet.
  6012 | D:5      | Reached skill level 6 in Ice Magic
  6907 | D:6      | Learned a level 4 spell: Hailstorm
  6944 | D:6      | Found a snail-covered altar of Cheibriados.
  6982 | D:6      | Reached skill level 5 in Spellcasting
  6982 | D:6      | Reached XP level 8. HP: 31/46 MP: 8/15
  7666 | D:7      | Reached skill level 1 in Staves
  8049 | D:7      | Reached skill level 7 in Ice Magic
  8933 | D:7      | Reached skill level 5 in Fighting
  9292 | D:7      | Offered knowledge of Poisonous Vapours by Vehumet.
  9293 | D:7      | Reached skill level 1 in Armour
  9293 | D:7      | Reached XP level 9. HP: 54/54 MP: 16/16
  9294 | D:7      | Reached ** piety under Vehumet
  9440 | D:8      | Reached skill level 8 in Ice Magic
  9738 | D:8      | Noticed a hornet
  9745 | D:8      | Killed a hornet
  9746 | D:8      | Reached skill level 5 in Staves
 10078 | D:8      | Reached skill level 1 in Conjurations
 10079 | D:8      | Identified the ring "Gastrim" {rCorr MP+9 Int+3}
 10079 | D:8      | Noticed a centaur warrior
 10099 | D:8      | Killed a centaur warrior
 10100 | D:8      | Reached skill level 5 in Armour
 10100 | D:8      | Reached skill level 9 in Ice Magic
 10100 | D:8      | Reached XP level 10. HP: 13/59 MP: 7/17
 10429 | D:8      | Noticed a skeletal warrior
 10741 | D:9      | Offered knowledge of Stone Arrow by Vehumet.
 10777 | D:9      | Reached *** piety under Vehumet
 11064 | D:9      | Mangled by a shadow

Illustrated notes

Levels and vault maps discovered:
D:1:      lemuel_arrival_funnel, layout_rooms, st_stairs_12, minmay_quantized
D:2:      layout_basic, kennysheep_jessica_study
D:3:      layout_rooms, minmay_rat_hole, uniq_jessica
D:4:      kennysheep_the_goblin_king, layout_gridville,
          minmay_temple_entry_gardened_gates, serial_shops, shop,
          nicolae_shop_waterfront, nicolae_shop_bloodbath_and_beyond,
          nicolae_shop_advertising_works [nicolae_subvault_shop_adworks],
          nicolae_shop_stone, serial_rivers, chequers_serial_rivers_micro_b,
          chequers_serial_rivers_large_b, chequers_serial_rivers_large_a,
          chequers_serial_rivers_micro_e, serial_bayou_ford_a,
          kennysheep_nondescript, chequers_jeans
D:5:      layout_rooms, mainiacjoe_overflow_boulevard
D:6:      layout_basic, kennysheep_slug_shrine
D:7:      layout_basic, ebering_dispersal_statue_hall
D:8:      layout_rooms, hangedman_decor_push, nzn_random_ring
D:9:      layout_loops_ring, zombieorc1_lemuel
Temple:   hellmonk_temple_divided_pantheon

Skill      XL: |  1  2  3  4  5  6  7  8  9 10 |
---------------+-------------------------------+-----
Stealth        | 3 4 5 |  5.0
Spellcasting   | 3 4 5 |  5.0
Ice Magic      | 5 6 7 9 |  9.4
Fighting       | 1 3 5 |  5.1
Staves         | 3 5 |  5.2
Armour         | 1 5 |  5.3
Conjurations   | 3 4 |  4.0
Dodging        | 2 |  2.5

Action                   |  1- 3 |  4- 6 |  7- 9 | 10-12 || total
-------------------------+-------+-------+-------+-------++-------
Melee: Club              |    12 |       |       |       ||    12
       Dagger            |     4 |    31 |       |       ||    35
       Staff             |       |    36 |    89 |    68 ||   193
       Punch             |       |     1 |     1 |     3 ||     5
 Cast: Freeze            |    61 |    76 |    94 |     5 ||   236
       Frozen Ramparts   |     1 |     8 |    26 |    10 ||    45
       Ozocubu's Armour  |       |     4 |    15 |     6 ||    25
       Hailstorm         |       |       |       |    10 ||    10
Evoke: Wand              |       |       |    16 |       ||    16
  Use: Scroll            |       |    11 |     3 |     1 ||    15
       Potion            |       |       |     1 |       ||     1
 Stab: Sleeping          |     2 |     2 |       |       ||     4
Armor: Robe              |    12 |    39 |    82 |    47 ||   180
Dodge: Dodged            |    41 |   100 |   133 |    41 ||   315

Table legend: (Time is in decaauts)
 A = Elapsed time spent in this place.
 B = Non-inter-level travel time spent in this place.
 C = Inter-level travel time spent in this place.
 D = Time resting spent in this place.
 E = Time spent auto-exploring this place.
 F = Levels seen in this place.
 G = Mean time per level.
                   A        B        C        D        E       F      G
               +--------+--------+--------+--------+--------+-----+--------+
         Total |  11078 |  10591 |    487 |   2650 |   6230 |  10 | 1107.8 |
       Dungeon |  11041 |  10554 |    487 |   2650 |   6224 |   9 | 1226.8 |
        Temple |     36 |     36 |      0 |      0 |      6 |   1 |   36.0 |
               +--------+--------+--------+--------+--------+-----+--------+

Top non-repeatable levels by time:
     D:6: 1784 daAuts
     D:1: 1712 daAuts
     D:4: 1704 daAuts
     D:7: 1668 daAuts
     D:2: 1130 daAuts
     D:5: 925 daAuts
     D:3: 849 daAuts
     D:8: 647 daAuts
     D:9: 620 daAuts
  Temple: 36 daAuts
